 Dungeon Crawl Stone Soup version 0.24.0-13-gcf9b3192b9 (webtiles) character file.

Game seed: 2683922330877105830, levelgen mode: deterministic

4970 Descartes the Martial Artist (level 10, -3/56 HPs)
             Began as a Vine Stalker Transmuter on Nov 8, 2019.
             Was a Believer of Wu Jian.
             Slain by bildradio's ghost (18 damage)
             ... on level 7 of the Dungeon.
             The game lasted 00:25:06 (10030 turns).

Descartes the Martial Artist (VSTm)                Turns: 10030, Time: 00:25:07

Health: -3/56      AC:  8    Str: 15    XL:     10   Next: 53%
Magic:  0/19       EV: 18    Int: 14    God:    Wu Jian [**....]
Gold:   433        SH:  0    Dex: 17    Spells: 12/20 levels left

rFire    . . .     SeeInvis .     - Unarmed
rCold    . . .     Gourm    .   (no shield)
rNeg     . . .     Faith    .   H - +2 robe {MR+}
rPois    .         Spirit   +   s - +0 helmet
rElec    .         Reflect  .   (no cloak)
rCorr    .         Harm     .   (no gloves)
MR       ++...                  (boots currently unavailable)
Stlth    ++........             (no amulet)
HPRegen  0.58/turn              m - +3 ring of protection
MPRegen  0.16/turn              P - +3 ring of evasion

@: appendage
A: fangs 3, talons 3, agile 1, regeneration 1, robust 1, magic shield, antimagic
bite, no potion heal 3, rot immunity
a: End Transformation, Wall Jump, Renounce Religion


You were on level 7 of the Dungeon.
You worshipped Wu Jian.
Wu Jian was pleased with you.
You were not hungry.
You had grown temporary talons.
You visited 2 branches of the dungeon, and saw 9 of its levels.
You also visited: Sewer.

You collected 433 gold pieces.

Inventory:

Hand Weapons
 a - a +1 hunting sling of flaming
 p - a +0 hand crossbow
 E - a +3 dagger of chaos
 I - a cursed +0 vampiric dagger
 R - a +1 rapier of holy wrath
 S - a +0 short sword of venom
Missiles
 c - 201 stones
 h - 30 poisoned darts
 j - 71 bolts
 q - 67 sling bullets
 y - a throwing net (quivered)
 M - 213 arrows
 N - 2 boomerangs
Armour
 b - a +0 robe
 l - a +0 leather armour
 s - a +0 helmet (worn)
 A - a +0 buckler
 H - a +2 robe of magic resistance (worn)
Jewellery
 m - a +3 ring of protection (left hand)
 o - an uncursed ring of resist corrosion
 K - an uncursed ring of fire
 P - a +3 ring of evasion (right hand)
 Q - an uncursed ring of protection from magic {unknown}
Wands
 u - a wand of scattershot (6)
Scrolls
 e - 3 scrolls of magic mapping {unknown}
 f - 5 scrolls of remove curse
 i - 2 scrolls of random uselessness {unknown}
 k - 4 scrolls of teleportation {unknown}
 r - 2 scrolls of enchant weapon {unknown}
 t - 2 scrolls of blinking {unknown}
 v - a scroll of torment {unknown}
 w - a scroll of fear {unknown}
 x - a scroll of amnesia {unknown}
 B - 3 scrolls of fog {unknown}
 F - 2 scrolls of noise {unknown}
 J - a scroll of immolation {unknown}
Potions
 g - 5 potions of curing
 n - a potion of magic
 z - 2 potions of flight
 C - 2 potions of haste
 D - a potion of heal wounds {unknown}
 G - 2 potions of lignification
 L - a potion of invisibility {unknown}
Comestibles
 d - 12 rations


   Skills:
 + Level 4.7 Fighting
 + Level 4.1 Armour
 + Level 4.6 Dodging
 + Level 2.1 Stealth
 + Level 1.4 Shields
 * Level 8.3 Unarmed Combat
 + Level 5.6 Spellcasting
 * Level 7.8 Transmutations


You had 12 spell levels left.
You knew the following spells:

 Your Spells              Type           Power        Failure   Level  Hunger
a - Beastly Appendage     Tmut           ####..       1%          1    None
b - Sticks to Snakes      Tmut           ####....     1%          2    ##.....
c - Blade Hands           Tmut           ####......   19%         5    ######.

Your spell library contained the following spells:

 Spells                   Type           Power        Failure   Level  Hunger
 Spider Form              Tmut/Pois      ##........   10%         3    ###....
 Corona                   Hex            #......      17%         1    None
 Ensorcelled Hibernation  Hex/Ice        #.....       26%         2    ##.....
 Ice Form                 Ice/Tmut       ##......     32%         4    ####...
 Confuse                  Hex            #.......     45%         3    ###....
 Dazzling Spray           Conj/Hex       #.....       45%         3    ###....
 Tukima's Dance           Hex            #.......     45%         3    ###....


Dungeon Overview and Level Annotations

Branches:
Dungeon (8/15)             Temple (1/1) D:5           Sewer (visited)
   Lair: D:8-11

Altars:
Ashenzari
Cheibriados
Dithmenos
Elyvilon
Fedhas
Gozag
Hepliaklqana
Kikubaaqudgha
Makhleb
Nemelex Xobeh
Okawaru
Qazlal
Ru
Sif Muna
Trog
Uskayaw
Vehumet
Wu Jian
Xom
Yredelemnul
Zin
The Shining One

Shops:
D:5 :   D:7 =(

Annotations:
D:7 bildradio's ghost, novice MiBe


Innate Abilities, Weirdness & Mutations

You have razor-sharp teeth.
Your natural rate of healing is unusually fast.
When hurt, damage is shared between your health and your magic reserves.
Your bite disrupts and absorbs the magic of your enemies.
Potions cannot restore your health.
You are immune to rotting.
You have claws for feet.
You are agile. (Dex +2)
You are robust. (+10% HP)


Message History

You bite bildradio's ghost, but do no damage.
Bildradio's ghost is lightly damaged.
Bildradio's ghost hits you!!
You punch bildradio's ghost! You claw bildradio's ghost.
Bildradio's ghost is lightly damaged.
Bildradio's ghost hits you!
You closely miss bildradio's ghost.
You claw bildradio's ghost, but do no damage.
Bildradio's ghost is lightly damaged.
Bildradio's ghost hits you!
You hit bildradio's ghost but do no damage.
You bite bildradio's ghost, but do no damage.
Bildradio's ghost is lightly damaged.
Bildradio's ghost hits you!
* * * LOW HITPOINT WARNING * * *
You hit bildradio's ghost but do no damage.
You bite bildradio's ghost, but do no damage.
Bildradio's ghost is lightly damaged.
Bildradio's ghost hits you!!
You die...

..# #..###.# ##.....## ### ._#
#..###.# ##...## ..# #......#
##'## # ..# ##.##### ###.#### ##
#### #.# #......# #. ...# #>#
#.#.##.# #. ##.####.## ###
#....#.# #.
.....##..####.####......# #.
.###.........#5W@.....#.########.
## #####...##Y####...............
# .....###..#.# ###.############
#........##..5# #.#
5..###....##..# #.#
.....##....#Y.# #.#
#.....#....#.## #.#
#.....##..('.# #.# #5..=.(#...'.#
#.#


You could see an ice beast, bildradio's ghost and a white imp.

Vanquished Creatures
  A two-headed ogre (D:8)
  Psyche (D:8)
  Joseph (D:7)
  A hornet (D:7)
  A wraith (D:7)
  Grum (D:8)
  A water moccasin (D:8)
  4 sky beasts
  An ice beast (D:5)
  An orc warrior (D:7)
  A black bear (D:8)
  3 ogres
  2 phantoms
  4 wolves (D:8)
  A centaur (D:8)
  2 big kobolds
  A bullfrog (D:8)
  3 scorpions
  A troll zombie (D:7)
  5 wights
  2 howler monkeys
  3 crimson imps
  A centaur zombie (D:7)
  3 orc wizards
  4 hounds
  3 human zombies (D:7)
  A jelly (D:6)
  2 worker ants (D:4)
  A killer bee zombie (D:7)
  An ogre zombie (D:7)
  A hound skeleton (D:5)
  3 mummies (D:7)
  Robin (D:3)
  A worker ant zombie (D:8)
  6 gnolls
  10 adders
  2 river rats (Sewer)
  3 shadow imps
  An ooze (D:2)
  4 adder skeletons
  An adder zombie (D:8)
  2 worms
  3 dart slugs
  12 leopard geckos
  19 orcs
  3 giant cockroaches
  12 goblins
  8 hobgoblins
  11 jackals
  17 kobolds
  5 quokkas
  5 ball pythons
  9 bats
  6 frilled lizards
  2 leopard gecko skeletons
  An orc zombie (D:7)
  A quokka zombie (D:8)
  10 rats
216 creatures vanquished.

Vanquished Creatures (others)
  A gnoll (D:3)
1 creature vanquished.

Grand Total: 217 creatures vanquished

Notes
Turn   | Place    | Note
-------+----------+-------------------------------------------
     0 | D:1      | Descartes the Vine Stalker Transmuter began the quest for
                  | the Orb.
     0 | D:1      | Reached XP level 1. HP: 9/9 MP: 4/4
     2 | D:1      | Noticed a dwarf
     2 | D:1      | Noticed a ghoul
     4 | D:1      | Noticed a felid
     4 | D:1      | Noticed an ogre
     6 | D:1      | Noticed a formicid
     6 | D:1      | Noticed a naga
     8 | D:1      | Noticed a gargoyle
    10 | D:1      | Noticed a spriggan
    10 | D:1      | Noticed a tengu
    12 | D:1      | Noticed a minotaur
    14 | D:1      | Noticed a draconian
    16 | D:1      | Noticed a human
    16 | D:1      | Noticed a merfolk
    18 | D:1      | Noticed a demigod
    18 | D:1      | Noticed a demonspawn
    20 | D:1      | Noticed a vampire
    20 | D:1      | Noticed a troll
    22 | D:1      | Noticed a centaur
    22 | D:1      | Noticed a vine stalker
    24 | D:1      | Noticed an elf
    26 | D:1      | Noticed an octopode
    26 | D:1      | Noticed a halfling
   333 | D:1      | Reached skill level 1 in Fighting
   603 | D:1      | Reached XP level 2. HP: 11/14 MP: 1/6
  1444 | D:1      | Reached XP level 3. HP: 18/18 MP: 7/7
  2939 | D:2      | Gained mutation: Your natural rate of healing is unusually
                  | fast. [Vine Stalker growth]
  2939 | D:2      | Reached XP level 4. HP: 17/22 MP: 6/8
  3202 | D:2      | Found a faded altar of an unknown god.
  3406 | D:3      | Found a basalt altar of Yredelemnul.
  3406 | D:3      | Found a glowing golden altar of the Shining One.
  3418 | D:3      | Noticed a profane servitor
  3536 | D:3      | Learned a level 2 spell: Sticks to Snakes
  3631 | D:3      | Reached XP level 5. HP: 25/25 MP: 7/9
  3649 | D:3      | Reached skill level 4 in Unarmed Combat
  3670 | D:3      | Noticed Robin
  3686 | D:3      | Killed Robin
  3686 | D:3      | Reached skill level 1 in Armour
  3887 | D:3      | Found a bloodstained altar of Trog.
  4183 | D:3      | Noticed an angel
  4547 | D:4      | Reached XP level 6. HP: 29/30 MP: 8/11
  5135 | D:3      | Gained mutation: You are robust. (+10% HP) [potion of
                  | mutation]
  5135 | D:3      | Gained mutation: Your flesh is heat resistant. (rF+)
                  | [potion of mutation]
  5135 | D:3      | Lost mutation: Your flesh is heat resistant. (rF+) [potion
                  | of mutation]
  5135 | D:3      | Gained mutation: You are agile. (Dex +2) [potion of
                  | mutation]
  5201 | D:5      | Entered Level 5 of the Dungeon
  5240 | D:5      | Reached XP level 7. HP: 38/38 MP: 12/12
  5335 | D:5      | Reached skill level 5 in Unarmed Combat
  5376 | D:5      | Found a glowing drain.
  5402 | Sewer    | Entered a sewer
  5754 | Sewer    | Found a glowing silver altar of Zin.
  5957 | D:5      | Found a staircase to the Ecumenical Temple.
  6036 | Temple   | Entered the Ecumenical Temple
  6127 | Temple   | Became a worshipper of the Wu Jian Council
  6153 | D:5      | Found a shimmering altar of Xom.
  6379 | D:5      | Found Ynytal's Book Boutique.
  6463 | D:5      | Learned a level 5 spell: Blade Hands
  6521 | D:5      | Found a hazy altar of Hepliaklqana.
  6619 | D:6      | Gained mutation: You have razor-sharp teeth. [Vine Stalker
                  | growth]
  6619 | D:6      | Reached XP level 8. HP: 42/42 MP: 14/14
  7070 | D:6      | Reached skill level 5 in Transmutations
  7095 | D:6      | Noticed an angel
  7096 | D:6      | Found a shimmering altar of Xom.
  7096 | D:6      | Found a glowing silver altar of Zin.
  7130 | D:6      | Reached skill level 6 in Unarmed Combat
  7547 | D:7      | Found Wuzxowke's Weapon Emporium.
  7569 | D:7      | Found a runed translucent gate.
  7569 | D:7      | Found a runed translucent gate.
  7569 | D:7      | Found a runed translucent gate.
  7586 | D:7      | Found a radiant altar of Vehumet.
  7931 | D:7      | Found a basalt altar of Yredelemnul.
  7960 | D:7      | Reached * piety under Wu Jian
  8027 | D:7      | Reached XP level 9. HP: 16/48 MP: 12/16
  8303 | D:7      | Found a shattered altar of Ashenzari.
  8348 | D:7      | Found Hyveph's Jewellery Shoppe.
  8544 | D:7      | Noticed bildradio's ghost (novice MiBe)
  8740 | D:8      | Noticed Joseph
  8742 | D:8      | Noticed a hornet
  8771 | D:7      | Killed Joseph
  8771 | D:7      | Reached skill level 7 in Unarmed Combat
  8869 | D:8      | Paralysed by a hornet for 2 turns
  8888 | D:7      | Killed a hornet
  8992 | D:8      | Noticed Psyche
  9008 | D:8      | Killed Psyche
  9008 | D:8      | Reached skill level 5 in Spellcasting
  9262 | D:8      | Reached XP level 10. HP: 54/56 MP: 18/18
  9269 | D:8      | Found an ornate altar of the Wu Jian Council.
  9342 | D:8      | Reached ** piety under Wu Jian
  9454 | D:8      | Noticed a two-headed ogre
  9465 | D:8      | Killed a two-headed ogre
  9465 | D:8      | Reached skill level 1 in Stealth
  9465 | D:8      | Reached skill level 1 in Shields
  9465 | D:8      | Reached skill level 8 in Unarmed Combat
  9611 | D:8      | Noticed Grum
  9637 | D:8      | Killed Grum
  9874 | D:8      | Noticed a seven-headed hydra
 10030 | D:7      | Slain by bildradio's ghost

Levels and vault maps discovered:
D:1:      kb_arrival_jail, layout_basic
D:2:      layout_loops_ring, chequers_ecumenical_altar_island, first_ration
D:3:      minmay_angry_zag, layout_loops_ring, grunt_temple_overflow_holy_war,
          bloody_trog, uniq_robin
D:4:      layout_basic
D:5:      layout_loops_ring, kennysheep_mini, minmay_temple_entry_grid,
          basic_altar, gup_sewer_entry_pipe, serial_shops,
          nicolae_shop_behind_doors, minmay_chambers_of_fives
D:6:      layout_basic, grunt_temple_overflow_order_and_chaos_1,
          serial_bayou_pond_b
D:7:      layout_loops_corners, lemuel_coloured_pillars_altar,
          overflow_temple_1_default, serial_shops, shop_fountains, shop,
          gammafunk_ghost_icy, lemuel_mausoleum_altar_yredelemnul
D:8:      minmay_blocky_corners, layout_basic, basic_altar, uniq_grum,
          uniq_joseph, uniq_psyche
Temple:   zaba_magenta_temple

Skill      XL: |  1  2  3  4  5  6  7  8  9 10 |
---------------+-------------------------------+-----
Fighting       | 1 2 3 4 |  4.7
Dodging        | 2 3 4 |  4.6
Unarmed Combat | 4 5 6 7 8 |  8.3
Armour         | 1 2 3 4 |  4.1
Transmutations | 3 4 5 7 |  7.8
Spellcasting   | 3 4 5 |  5.6
Stealth        | 2 |  2.1
Shields        | 1 |  1.4

Action                   |  1- 3 |  4- 6 |  7- 9 | 10-12 || total
-------------------------+-------+-------+-------+-------++-------
Melee: Unarmed           |   151 |   274 |   519 |   139 ||  1083
       Bite              |    30 |    70 |   162 |    46 ||   308
       Kick              |     2 |    13 |    30 |    14 ||    59
       Punch             |       |     3 |    13 |    12 ||    28
 Fire: Hunting sling     |       |       |       |     4 ||     4
 Cast: Beastly Appendage |     2 |     5 |    12 |     5 ||    24
Invok: Lunge             |       |       |    19 |     7 ||    26
       Whirlwind         |       |       |     1 |     2 ||     3
  Use: Potion            |     1 |     2 |     2 |       ||     5
       Scroll            |       |     3 |     3 |       ||     6
 Stab: Sleeping          |     2 |     1 |     5 |       ||     8
       Distracted        |       |       |       |     1 ||     1
  Eat: Chunk             |     6 |     8 |    10 |     2 ||    26
       Ration            |       |       |     1 |     1 ||     2
Armor: Robe              |    35 |       |     2 |    19 ||    56
       Leather armour    |       |    43 |   128 |       ||   171
Dodge: Dodged            |   130 |   155 |   274 |   105 ||   664
